 Dungeon Crawl Stone Soup version 0.29-a0-700-g2f1814c7b2 (webtiles) character file.

Game seed: 2568156377424337921

111 lunkers the Chopper (level 5, 0/47 HPs)
             Began as a Meteoran Fighter on June 25, 2022.
             Was an Initiate of Nemelex Xobeh.
             Succumbed to a scorpion's poison
             ... on level 4 of the Dungeon.
             The game lasted 00:02:15 (533 turns).

lunkers the Chopper (Meteoran Fighter)               Turns: 533, Time: 00:02:16

Health: 0/47       AC:  6    Str: 19    XL:     5   Next: 39%
Magic:  6/6        EV:  9    Int:  9    God:    Nemelex Xobeh [......]
Gold:   32         SH:  5    Dex: 14    Spells: 4/4 levels left

rFire   . . .      SeeInvis .   a - +0 war axe
rCold   . . .      Faith    .   c - +0 buckler
rNeg    . . .      Spirit   .   b - +0 scale mail
rPois   .          Reflect  .   (no helmet)
rElec   +          Harm     .   (no cloak)
rCorr   .          Rampage  .   (no gloves)
Will    .....      Clarity  +   (no boots)
Stlth   ..........              (no amulet)
HPRegen 0.15/turn               e - ring of wizardry
MPRegen 0.10/turn               (no ring)

@: mighty, lethally poisoned (0 -> -4), glowing
A: sense surroundings 1, otherworldly, glowing, explore regen, clarity,
electricity resistance
a: Renounce Religion, Draw Escape, Draw Destruction, Draw Summoning


You were on level 4 of the Dungeon.
You worshipped Nemelex Xobeh.
Nemelex Xobeh was noncommittal.
You visited 1 branch of the dungeon, and saw 5 of its levels.

You collected 32 gold pieces.

Inventory:

Hand Weapons
 a - a +0 war axe (weapon)
 g - a +2 mace of holy wrath
Armour
 b - a +0 scale mail (worn)
 c - a +0 buckler (worn)
 i - a +0 plate armour
Jewellery
 e - a ring of wizardry (left hand)
 j - a ring of see invisible
Scrolls
 k - a scroll of blinking {unknown}
Potions
 h - a potion of degeneration {unknown}


   Skills:
 + Level 4.3 Fighting
 * Level 5.0 Axes
 - Level 3.6 Armour
 - Level 3.6 Shields
 + Level 0.2 Invocations


You had 4 spell levels left.
You didn't know any spells.
Your spell library was empty.

Dungeon Overview and Level Annotations

Branches:
Dungeon (5/15) Zot: 2450
 Temple: D:4-7

Altars:
Nemelex Xobeh
Okawaru


Innate Abilities, Weirdness & Mutations

You passively map a small area around you.
You are easily found by Zot.
You glow in the dark.
You regain HP and MP as you explore.
You possess an exceptional clarity of mind.
You are resistant to electric shocks. (rElec)


Message History

The orc hits you but does no damage. The orc wizard barely misses you.
The hound barely misses you.
You climb upwards.
You feel very sick.
There is a stone staircase leading down here.
Unknown command.
Unknown command.
Unknown command.
Unknown command.
Unknown command.
You feel very mighty all of a sudden.
You feel sick. The orc hits you with a +0 war axe.
* * * LOW HITPOINT WARNING * * *
Unknown command.
You closely miss the orc wizard.
The orc wizard is heavily wounded.
You closely miss the orc.
You feel sick. You block the orc's attack.
The orc wizard hits you but does no damage.
Unknown command.
You barely miss the orc wizard.
The orc wizard is heavily wounded.
You slash the orc!
You kill the orc!
You feel sick.
The orc wizard casts a spell.
The orc wizard flickers and vanishes!
Deactivating autopickup; reactivate with Ctrl-A.
The scorpion stings you.
* * * LOW HITPOINT WARNING * * *
You hear some strange, mumbled words.
A magic dart appears from out of thin air!
The magic dart hits you!
* * * LOW HITPOINT WARNING * * *
Unknown command.
Unknown command.
Unknown command.
It was a potion of mutation.
You feel extremely strange.
Your thoughts seem clearer.
You feel insulated.
You die...
Your body disappears without additional glow.

############ ,
#..........# ,
#.#######.## *
#.# #.# , ,
#.# #.# , , *
#.# #.# , ,,
#.# #.#
8..###########
#÷# #.#
...........{@#
#.# #.#
(.####.####s#
#.# #.# ,, #.#
#.# #.# #.# *
#.# #.#
#.#######.#
#†# #.#
#.#.......# ,
, , #.# #.#
#.##.######
#.# #.# #.#).#
, #.#
#.#####.#.## *
#.#
#.......#.#


You could see a scorpion.

Vanquished Creatures
  A phantom (D:4)
  An adder (D:4)
  A worm (D:2)
  3 orcs
  A ball python (D:3)
  2 endoplasms (D:3)
  A giant cockroach (D:4)
  A goblin (D:2)
  2 hobgoblins
  A quokka (D:1)
  A bat (D:3)
  2 kobolds (D:4)
17 creatures vanquished.

Notes
Turn   | Place    | Note
-------+----------+-------------------------------------------
     0 | D:1      | lunkers the Meteoran Fighter began the quest for the Orb.
     0 | D:1      | Reached XP level 1. HP: 19/19 MP: 2/2
   102 | D:2      | Reached skill level 3 in Axes
   102 | D:2      | Reached XP level 2. HP: 5/26 MP: 3/3
   102 | D:2      | You fall into a shaft and drop 2 floors!
   184 | D:4      | Reached XP level 3. HP: 15/33 MP: 4/4
   245 | D:4      | Noticed a phantom
   258 | D:4      | Killed a phantom
   259 | D:4      | Reached skill level 4 in Axes
   259 | D:4      | Reached XP level 4. HP: 20/40 MP: 5/5
   259 | D:4      | Reached XP level 5. HP: 23/46 MP: 6/6
   304 | D:3      | Found a sparkling altar of Nemelex Xobeh.
   315 | D:3      | Reached skill level 5 in Axes
   318 | D:3      | Became a worshipper of Nemelex Xobeh the Trickster
   367 | D:3      | Found an iron altar of Okawaru.
   521 | D:5      | Entered Level 5 of the Dungeon
   532 | D:4      | HP: 1/47 [something/magic dart (7)]
   533 | D:4      | Gained mutation: You possess an exceptional clarity of
                  | mind. [potion of mutation]
   533 | D:4      | Gained mutation: You are resistant to electric shocks.
                  | (rElec) [potion of mutation]
   533 | D:4      | Succumbed to a scorpion's poison

Illustrated notes

Levels and vault maps discovered:
D:1:      saegor_arrival_simple_a, layout_loops_corners, serial_park_tiny_2,
          st_stairs_1
D:2:      layout_loops_ring, hellmonk_ecumenical_altar_run_dry, serial_shops,
          nicolae_shop_stone
D:3:      layout_basic, nemelex_dance_club_becter, okawaru_metal_pillars_1_2,
          serial_curves, eino_curves_02, eino_curves_03, bh_walls_and_bars
D:4:      layout_basic, zin_statuary, kennysheep_mini_moat
D:5:      layout_loops_cross, mainiacjoe_overflow_boulevard, serial_shops, shop,
          uniq_blork_the_orc

Skill      XL: |  1  2  3  4  5 |
---------------+----------------+-----
Axes           | 3 4 5 |  5.0
Fighting       | 4 |  4.3
Armour         | |  3.6
Shields        | |  3.6
Invocations    | |  0.2

Action                   |  1- 3 |  4- 6 || total
-------------------------+-------+-------++-------
Melee: War axe           |    38 |    10 ||    48
  Use: Potion            |       |     2 ||     2
Armor: Scale mail        |    22 |     5 ||    27
Dodge: Dodged            |    12 |     4 ||    16
Block: Buckler           |     6 |     3 ||     9

Table legend: (Time is in decaauts)
 A = Elapsed time spent in this place.
 B = Non-inter-level travel time spent in this place.
 C = Inter-level travel time spent in this place.
 D = Time resting spent in this place.
 E = Time spent auto-exploring this place.
 F = Levels seen in this place.
 G = Mean time per level.
                   A        B        C        D        E       F      G
               +--------+--------+--------+--------+--------+-----+--------+
         Total |    549 |    429 |    120 |      0 |     54 |   5 |  109.8 |
       Dungeon |    549 |    429 |    120 |      0 |     54 |   5 |  109.8 |
               +--------+--------+--------+--------+--------+-----+--------+

Top non-repeatable levels by time:
     D:4: 257 daAuts
     D:3: 178 daAuts
     D:1: 63 daAuts
     D:2: 42 daAuts
     D:5: 8 daAuts
